 Dungeon Crawl Stone Soup version 0.28-a0-1152-g9c71ebef14 (webtiles) character file.

Game seed: 13932774266932514587

1723 spaghetti the Fighter (level 9, 0/68 HPs)
             Began as an Octopode Delver on Dec 14, 2021.
             Was an Initiate of Gozag.
             Slain by a death yak (10 damage)
             ... on level 7 of the Dungeon.
             The game lasted 00:12:32 (7402 turns).

spaghetti the Fighter (Octopode Delver)             Turns: 7402, Time: 00:12:33

Health: 0/68       AC:  1    Str: 11    XL:     9   Next: 4%
Magic:  9/9        EV: 18    Int: 28    God:    Gozag
Gold:   273        SH:  0    Dex: 11    Spells: 8/8 levels left

rFire   . . .      SeeInvis .   n - +7 spear of Victory {freeze, rPois Int+6 Dex-3 Stlth+, polearm}
rCold   . . .      Faith    .   (no shield)
rNeg    . . .      Spirit   .   (helmet restricted)
rPois   +          Reflect  .   (no amulet)
rElec   .          Harm     .   s - +6 ring of intelligence
rCorr   .          Rampage  .   u - +4 ring of evasion
Will    .....                   (no ring)
Stlth   +++++.....              (no ring)
HPRegen 0.21/turn               (no ring)
MPRegen 0.11/turn               (no ring)
                                (no ring)
                                (no ring)

@: about to teleport
A: almost no armour, amphibious, 8 rings, camouflage 1, gelatinous body 1,
(nimble swimmer 1), tentacles
a: Renounce Religion, Potion Petition, Call Merchant, Bribe Branch


You were on level 7 of the Dungeon.
You worshipped Gozag.
Gozag was aware of your devotion.
You visited 2 branches of the dungeon, and saw 9 of its levels.

You collected 328 gold pieces.
You paid 55 gold pieces to Gozag.


Innate Abilities, Weirdness & Mutations

You cannot wear most types of armour.
You are amphibious.
You can wear up to eight rings at the same time.
Your skin changes colour to match your surroundings (Stealth+).
Your rubbery body absorbs attacks. (AC +1, EV +1)
((You are camouflaged near water. (Stealth+)))
You have tentacles for arms and can constrict up to eight enemies at once.


   Skills:
 + Level 9.0 Fighting
 - Level 2.0 Maces & Flails
 - Level 6.3 Polearms
 + Level 4.1 Dodging
 - Level 6.6 Stealth


You had 8 spell levels left.
You didn't know any spells.
Your spell library contained the following spells:

 Spells                   Type           Power      Damage    Failure   Level
 Sting                    Tmut/Pois      0%         1d3       11%         1
 Poisonous Vapours        Pois/Air       0%         N/A       17%         2
 Olgreb's Toxic Radiance  Pois           0%         N/A       73%         4

Inventory:

Hand Weapons
 a - a +1 mace {mace}
 j - a +0 hunting sling of flaming {sling}
   (You found it on level 3 of the Dungeon)
 n - the +7 spear of Victory (weapon) {freeze, rPois Int+6 Dex-3 Stlth+, polearm}
   (You found it on level 4 of the Dungeon)

   It freezes those it strikes, dealing additional cold damage.
   It can also slow down cold-blooded creatures.
   Int:       It affects your intelligence (+6).
   Dex:       It affects your dexterity (-3).
   rPois:     It protects you from poison.
   Stlth:     It makes you more stealthy.
Missiles
 g - 61 bolts
 h - 321 stones (quivered) {throwing}
 i - 63 arrows
 m - 4 boomerangs {throwing}
 r - 22 poisoned darts {throwing}
 t - 17 sling bullets
Jewellery
 q - a ring of poison resistance
   (You found it on level 1 of the Dungeon)
 s - a +6 ring of intelligence (left tentacle)
   (You found it on level 1 of the Dungeon)
 u - a +4 ring of evasion (right tentacle)
   (You found it on level 7 of the Dungeon)
Wands
 e - a wand of flame (45)
   (You took it off Ijyb on level 3 of the Dungeon)
 f - a wand of digging (2)
 l - a wand of polymorph (13)
   (You found it on level 4 of the Dungeon)
Scrolls
 b - a scroll of fog
 c - a scroll of magic mapping {!r}
 d - 2 scrolls of fear
 k - a scroll of vulnerability {!r!r}
 p - a scroll of identify {@r1}
 x - a scroll of immolation {!r!r}
Potions
 o - a potion of flight

Dungeon Overview and Level Annotations

Branches:
Dungeon (8/15)             Temple (1/1) D:6            Lair (0/6) D:8

Altars:
Ashenzari
Cheibriados
Elyvilon
Fedhas
Gozag
Hepliaklqana
Kikubaaqudgha
Makhleb
Nemelex Xobeh
Okawaru
Qazlal
Trog
Uskayaw
Vehumet
Wu Jian
Xom
Yredelemnul

Shops:
D:1 [   D:7 :

Annotations:
D:2 Terence

##### #..#. #....
#..[.
####################
##..#....#..#....###.
#....>.............#.
#...@Y.............#.
##<.#...###...######.
######.#########.##.
#....#..........
#....#..........
#....#..........
#....#..........
######.##.##.######
##..###.##.##.####..


You could see a death yak.


Message History

Your Dodging skill increases to level 4! 😨 HP[+1]
You now have 68 max hp (+1).
You puncture the gnoll! You freeze the gnoll. Your grab misses the gnoll.
You puncture the gnoll! You freeze the gnoll.
You kill the gnoll!
You now have 268 gold pieces (gained 4).
You see here a +0 flail {mace}.
You now have 273 gold pieces (gained 5).
Things that are here:
a +3 spear {polearm}; a +0 ring mail 😨 HP[+1]
You start resting. 😎 HP[+36]
Your hp is fully restored (68).
Unknown command.
Unknown command.
You start waiting.
Done waiting.
Unknown command.
(D) Dungeon (T) Temple
Where to? (Enter - D:8, ? - help)
There is an escape hatch in the floor here.
There is a stone staircase leading down here.
You climb downwards.
Found a stone staircase leading up.
There is a stone staircase leading up here.
Unknown command.
Unknown command.
A death yak comes into view.
A death yak comes into view.
Found a staircase to the Lair.
The death yak bellows!
You hear a bellow!
A death yak comes into view.
A death yak comes into view.
The death yak bellows! x2
You puncture the death yak! You freeze the death yak.
The death yak gores you! 😕 HP[-15]
You take 15 damage, and now have 53/68 hp.
MASSIVE DAMAGE!! (PAUSE) 😕 HP[+1] 😕 HP[+1]
There is a stone staircase leading up here. 😕 HP[+1]
You climb upwards.
There is a stone staircase leading down here.
Unknown command.
Unknown command.
Unknown command.
Unknown command.
Unknown command.
Okay, then.
Okay, then.
Unknown command.
You puncture the death yak! You freeze the death yak.
The death yak completely misses you.
You puncture the death yak! You freeze the death yak.
You squeeze the death yak. The death yak barely misses you.
You barely miss the death yak.
The death yak barely misses you. 😕 HP[+1] Unknown command.
You puncture the death yak! You freeze the death yak. The death yak gores you!!
* * * LOW HITPOINT WARNING * * *
😨 HP[-27]
You take 27 damage, and now have 30/68 hp.
MASSIVE DAMAGE!! (PAUSE)
You hit the death yak but do no damage. You hit the death yak but do no damage.
You squeeze the death yak. The death yak closely misses you.
You hit the death yak. You freeze the death yak.
The death yak completely misses you.
You hit the death yak but do no damage. The death yak barely misses you.
Okay, then.
There is an escape hatch in the floor here. 😨 HP[+1]
Okay, then.
Okay, then. 😨 HP[+1]
You hit the death yak but do no damage. The death yak gores you!!
* * * LOW HITPOINT WARNING * * *
😱 HP[-18]
You take 18 damage, and now have 14/68 hp.
MASSIVE DAMAGE!! (PAUSE)
Okay, then.
Unknown command.
Okay, then.
Unknown command.
Unknown command. 😱 HP[+1]
You feel better. The death yak gores you!
* * * LOW HITPOINT WARNING * * *
😱 HP[-5]
You take 5 damage, and now have 10/68 hp.
Okay, then.
Okay, then.
As you read the scroll of teleportation {@r4}, it crumbles to dust.
You feel strangely unstable. The death yak gores you!
You die...
Your body crumbles into a pile of gold.

Skill      XL: |  1  2  3  4  5  6  7  8  9 |
---------------+----------------------------+-----
Fighting       | 4 5 6 7 8 9 |  9.0
Polearms       | 1 2 3 5 6 |  6.3
Dodging        | 3 4 |  4.1
Maces & Flails | |  2.0
Stealth        | |  6.6

Action                   |  1- 3 |  4- 6 |  7- 9 || total
-------------------------+-------+-------+-------++-------
Melee: Mace              |    33 |     4 |       ||    37
       Constrict         |     8 |    10 |    21 ||    39
       Tentacles         |     6 |     1 |    30 ||    37
       Spear             |       |    70 |   151 ||   221
Evoke: Wand              |       |     1 |     2 ||     3
  Use: Scroll            |     5 |     3 |     3 ||    11
       Potion            |     4 |       |     2 ||     6
 Stab: Sleeping          |     3 |    17 |    12 ||    32
       Distracted        |     1 |       |       ||     1
Armor: Skin              |     4 |     2 |     3 ||     9
Dodge: Dodged            |    28 |    23 |    46 ||    97

Levels and vault maps discovered:
D:1:      ldierk_water_garden, layout_basic, ebering_ecumenical_altar_rust,
          serial_shops, nicolae_shop_trees
D:2:      layout_basic, st_stairs_10, kennysheep_generic_room_16, uniq_terence,
          uniq_sigmund, uniq_robin
D:3:      layout_loops_ring, uniq_ijyb
D:4:      layout_basic, kennysheep_generic_room_3
D:5:      layout_basic, grunt_dithmenos_smoke, portal_sewer_entry_c
D:6:      nicolae_BIG_FREAKIN_CUBE, layout_cave_pods, minmay_temple_entry_trees
D:7:      layout_gridville, amcnicky_mini_corridor_feature,
          nicolae_shop_self_help, uniq_duvessa
D:8:      layout_loops_ring, dpeg_lair_monsters
Temple:   compressed_dpeg_circular_temple

Notes
Turn   | Place    | Note
-------+----------+-------------------------------------------
     0 | D:5      | spaghetti the Octopode Delver began the quest for the Orb.
     0 | D:5      | Reached XP level 1. HP: 16/16 MP: 1/1
     0 | D:5      | magus.rc [v1.9.6]
    76 | D:4      | Noticed a hound
    82 | D:4      | Killed a hound
    83 | D:4      | Reached skill level 4 in Fighting
    83 | D:4      | Reached XP level 2. HP: 22/22 MP: 2/2
    83 | D:4      | Reached XP level 3. HP: 27/27 MP: 3/3
   706 | D:2      | Noticed Robin
   709 | D:2      | Noticed Terence
   740 | D:3      | HP: 5/27 [frilled lizard (3)]
   753 | D:3      | HP: 4/27 [frilled lizard (3)]
  1368 | D:3      | Noticed Ijyb
  1382 | D:3      | Killed Ijyb
  1383 | D:3      | Reached skill level 5 in Fighting
  1383 | D:3      | Reached XP level 4. HP: 10/35 MP: 4/4
  2020 | D:4      | Identified the +7 spear of Victory {freeze, rPois Int+6
                  | Dex-3 Stlth+}
  2163 | D:4      | Reached skill level 1 in Polearms
  2177 | D:4      | Reached XP level 5. HP: 39/39 MP: 5/5
  2483 | D:6      | Noticed a phantom
  2502 | D:6      | HP: 9/39 [phantom (5)]
  2511 | D:6      | HP: 8/39 [orc wizard (2)]
  2516 | D:6      | HP: 7/39 [orc wizard (1)]
  2845 | D:6      | Noticed a black bear
  2901 | D:5      | Noticed a sky beast
  2917 | D:5      | Killed a sky beast
  2918 | D:5      | Reached skill level 2 in Polearms
  2918 | D:5      | Reached XP level 6. HP: 39/46 MP: 6/6
  3024 | D:5      | Reached skill level 6 in Fighting
  3403 | D:1      | You add the spells Sting, Poisonous Vapours and Olgreb's
                  | Toxic Radiance to your library.
  3476 | D:1      | Found Hafoemin's Armour Emporium.
  3524 | D:1      | Found a faded altar of an unknown god.
  3696 | D:2      | Noticed Sigmund
  3708 | D:2      | Killed Sigmund
  3709 | D:2      | Reached skill level 3 in Polearms
  3709 | D:2      | Reached XP level 7. HP: 50/53 MP: 7/7
  3901 | D:2      | Killed Robin
  4242 | D:5      | Reached skill level 4 in Polearms
  4556 | D:6      | Reached skill level 7 in Fighting
  4936 | D:6      | Reached skill level 5 in Polearms
  4936 | D:6      | Reached XP level 8. HP: 50/60 MP: 8/8
  5124 | D:6      | Found a staircase to the Ecumenical Temple.
  5245 | Temple   | Entered the Ecumenical Temple
  5276 | Temple   | Became a worshipper of Gozag Ym Sagoz the Greedy
  5622 | D:6      | Reached skill level 8 in Fighting
  5632 | D:6      | Reached skill level 6 in Polearms
  5978 | D:7      | Found Anuisot's Self-Improvement Boutique.
  6080 | D:7      | Noticed Dowan
  6081 | D:7      | Noticed Duvessa
  6097 | D:7      | Killed Dowan
  6103 | D:7      | HP: 11/62 [Duvessa (9)]
  6105 | D:7      | HP: 5/62 [Duvessa (6)]
  6106 | D:7      | Killed Duvessa
  6107 | D:7      | Reached skill level 3 in Dodging
  6423 | D:7      | HP: 15/63 [gnoll sergeant (5)]
  6952 | D:7      | Reached XP level 9. HP: 67/67 MP: 9/9
  7055 | D:7      | Reached skill level 9 in Fighting
  7055 | D:7      | Reached skill level 4 in Dodging
  7360 | D:8      | Noticed a death yak
  7363 | D:8      | Found a staircase to the Lair.
  7363 | D:8      | Noticed a death yak
  7364 | D:8      | Noticed a death yak
  7365 | D:8      | Noticed a death yak
  7398 | D:7      | HP: 14/68 [death yak (18)]
  7402 | D:7      | Slain by a death yak

Vanquished Creatures
  Sigmund (D:2)
  Duvessa (D:7)
  A black bear (D:6)
  An ice beast (D:6)
  An ogre (D:6)
  A sky beast (D:5)
  A phantom (D:6)
  2 bullfrogs (D:7)
  A gnoll sergeant (D:7)
  2 scorpions (D:6)
  Dowan (D:7)
  2 howler monkeys (D:7)
  A bullfrog zombie (D:7)
  2 hounds
  3 jellies
  A bullfrog skeleton (D:4)
  Ijyb (D:3)
  4 iguanas
  A scorpion zombie (D:5)
  2 orc wizards (D:6)
  Robin (D:2)
  7 gnolls
  4 adders
  A white imp (D:5)
  2 dart slugs
  9 orcs
  6 endoplasms
  A giant cockroach (D:3)
  10 goblins
  7 hobgoblins
  2 jackals (D:1)
  A quokka (D:4)
  4 ball pythons
  4 bats
  A frilled lizard (D:3)
  10 kobolds
  A rat (D:1)
101 creatures vanquished.

Vanquished Creatures (others)
  4 toadstools (D:1)
4 creatures vanquished.

Grand Total: 105 creatures vanquished

Table legend:
 A = Non-vault XP
 B = Vault XP
 C = Vault XP percentage of total XP
 D = Non-vault monster count
 E = Vault monster count
 F = Vault count percentage of total count
                 A         B        C        D         E       F
            +---------+---------+-------+---------+---------+-------
      Total |    1861 |     601 |  24.4 |      81 |      20 |  19.8
            +---------+---------+-------+---------+---------+-------
        D:1 |      47 |       0 |   0.0 |      19 |       0 |   0.0
        D:2 |       7 |     269 |  97.5 |       5 |      14 |  73.7
        D:3 |      25 |      38 |  60.3 |       8 |       2 |  20.0
        D:4 |      57 |      75 |  56.8 |       8 |       2 |  20.0
        D:5 |     274 |       0 |   0.0 |       7 |       0 |   0.0
        D:6 |     879 |       0 |   0.0 |      21 |       0 |   0.0
        D:7 |     572 |     219 |  27.7 |      13 |       2 |  13.3
            +---------+---------+-------+---------+---------+-------

Illustrated notes

Table legend:
 A = Kills in this place as a percentage of kills in entire the game.
 B = Kills by you in this place as a percentage of kills by you in the entire game.
 C = Kills by friends in this place as a percentage of kills by friends in the entire game.
 D = Other kills in this place as a percentage of other kills in the entire game.
 E = Experience gained in this place as a percentage of experience gained in the entire game.
 F = Experience gained in this place divided by the number of levels of this place that you have seen.
                   A       B       C       D       E      F
               +-------+-------+-------+-------+-------+----------------------
         Total | 100.0 | 100.0 |   N/A |   N/A | 100.0 | 273.6
       Dungeon | 100.0 | 100.0 |   N/A |   N/A | 100.0 | 307.8
               +-------+-------+-------+-------+-------+----------------------

Table legend: (Time is in decaauts)
 A = Elapsed time spent in this place.
 B = Non-inter-level travel time spent in this place.
 C = Inter-level travel time spent in this place.
 D = Time resting spent in this place.
 E = Time spent auto-exploring this place.
 F = Levels seen in this place.
 G = Mean time per level.
                   A        B        C        D        E       F      G
               +--------+--------+--------+--------+--------+-----+--------+
         Total |   7383 |   6941 |    442 |   1851 |   4046 |   9 |  820.3 |
       Dungeon |   7320 |   6908 |    412 |   1851 |   4046 |   8 |  915.0 |
        Temple |     62 |     32 |     30 |      0 |      0 |   1 |   62.0 |
               +--------+--------+--------+--------+--------+-----+--------+

Top non-repeatable levels by time:
     D:6: 1846 daAuts
     D:7: 1552 daAuts
     D:4: 1269 daAuts
     D:2: 1172 daAuts
     D:3: 801 daAuts
     D:1: 405 daAuts
     D:5: 237 daAuts
  Temple: 62 daAuts
     D:8: 36 daAuts
